[Event "*** Titled Tuesday Blitz"]
[Site "Chess.com"]
[Date "2021.03.02"]
[Round "11"]
[White "tomsishere"]
[Black "Meri-Arabidze"]
[Result "1-0"]
[WhiteElo "2521"]
[BlackElo "2616"]
[TimeControl "180+1"]
[EndTime "12:10:44 PST"]
[Termination "tomsishere won by resignation"]

1. Nf3 d5 2. g3 Nf6 3. Bg2 e6 4. O-O b5 5. b3 Bb7 6. Bb2 Be7 7. d4 O-O 8. Nbd2 Nbd7 9. Ne5 Nxe5 10. dxe5 Nd7 11.
c4 c6 12. Qc2 Qb8 13. f4 a6 14. Kh1 Bc5 15. f5 Nxe5 16. cxd5 Be3 17. dxc6 Bxc6 18. Bxc6 Nxc6 19. Qxc6 Bxd2 20. fxe6 fxe6 21. Qxe6+ Kh8 22. Bxg7+ Kxg7 23. Qd7+ Kg8 24. Qxd2 Qb7+ 25. Kg1 Qb6+ 26.
e3 Rad8 27. Rxf8+ Rxf8 28. Qd5+ Rf7 29. Qg5+ Kf8 30. Rd1 Rf6 31. Rd4 h6 32. Qd5 Qc7 33. Qd8+ Qxd8 34. Rxd8+ Ke7 35. Rd4 Rc6 36. Rd2 Ke6 37.
Kf2 Ke5 38. Kf3 Rf6+ 39. Ke2 Rc6 40. g4 b4 41. Kf3 a5 42. h4 Rf6+ 43. Ke2 Rg6 44.
Rd4 Rc6 45. Kd2 Rf6 46. Rf4 Rd6+ 47. Ke2 Rc6 48. Rf5+ Ke4 49. Rf4+ Ke5 50. Kf3 Rc2 51. Rf5+ Ke6 52. Rxa5 Rh2 53. Rh5 Kf7 54. Rxh6 Rxa2 55. Rb6 Rh2 56. Rxb4 Rxh4 57. Rf4+ Kg6 58. b4 Rh1 59. b5 Rb1 60. Rf5 Rb4 61. Rc5 Kf6 62. e4 Rb1 63. Kf4 Rf1+ 64. Ke3 Re1+ 65. Kd4 Rd1+ 66.
Kc4 Rc1+ 67. Kd5 Rd1+ 68. Kc6 Re1 69. b6 1-0

[Event "*** Titled Tuesday Blitz"]
[Site "Chess.com"]
[Date "2021.03.02"]
[Round "11"]
[White "BvsN"]
[Black "jens1102"]
[Result "1/2-1/2"]
[WhiteElo "2294"]
[BlackElo "2409"]
[TimeControl "180+1"]
[EndTime "12:10:48 PST"]
[Termination "Game drawn - insufficient material"]

1. c4 e5 2. Nc3 Nf6 3. Nf3 Nc6 4. e3 Bb4 5. Qc2 O-O 6. Nd5 Re8 7. Qf5 d6 8. Nxf6+ Qxf6 9. Qxf6 gxf6 10. a3 Ba5 11. b4 Bb6 12. Bb2 Be6 13. Be2 a5 14. b5 Ne7 15. d4 Rad8 16. O-O Bg4 17. h3 Bh5 18. g4 Bg6 19. c5 dxc5 20. dxe5 f5 21.
Rad1 fxg4 22. hxg4 Nd5 23. Bc4 Ne7 24. e6 c6 25. Ne5 Nd5 26. Nd7 fxe6 27. bxc6 bxc6 28. Bxd5 cxd5 29. Nxb6 Rb8 30. Nd7 Rxb2 31. Nf6+ Kf7 32.
Nxe8 Kxe8 33. Rc1 c4 34. Rfd1 Bd3 35. Rc3 Kd7 36. e4 d4 37. Rxc4 Bxc4 38. Rxd4+ Bd5 39. exd5 e5 40. Rd3 Kd6 41. Kf1 Rb5 42. Rh3 Rb7 43.
Rh6+ Kxd5 44. Ra6 Rb5 45. Rh6 Rb3 46. Rxh7 Rxa3 47. g5 Ke6 48. Ra7 Kf5 49. Re7 Ra2 50.
g6 Kxg6 51. Rxe5 Kf6 52. Rb5 Ke6 53. Kg2 Kd6 54. Kg3 Kc6 55. Rb8 a4 56. f4 a3 57.
Kg4 Ra1 58. Kf5 a2 59. Ra8 Kb7 60. Ra3 Kc7 61. Rc3+ Kd6 62. Ra3 Kc5 63. Ra8 Kb4 64. Ra7 Kb3 65. Ra8 Rf1 66. Ke5 a1=Q+ 67. Rxa1 Rxa1 68. f5 Kc4 69. Ke6 Kc5 70. f6 Ra6+ 71. Ke7 Kd5 72. f7 Ra7+ 73. Kf6 Ra8 74. Kg7 Ke6 75.
f8=Q Rxf8 76. Kxf8 1/2-1/2

[Event "*** Titled Tuesday Blitz"]
[Site "Chess.com"]
[Date "2021.03.02"]
[Round "11"]
[White "mbachez"]
[Black "kuba2006"]
[Result "1-0"]
[WhiteElo "2485"]
[BlackElo "2384"]
[TimeControl "180+1"]
[EndTime "12:10:50 PST"]
[Termination "mbachez won on time"]

1. e4 Nf6 2. e5 Nd5 3. d4 d6 4.
c4 Nb6 5. exd6 exd6 6. Nc3 Be7 7. h3 O-O 8. Nf3 Bf6 9. Be3 Nc6 10. Be2 d5 11. c5 Nc4 12. Bxc4 dxc4 13. O-O Bf5 14.
Qa4 Bd3 15. Rfd1 Nxd4 16. Nxd4 Bxd4 17. Rxd3 cxd3 18. Qxd4 Qxd4 19. Bxd4 Rad8 20. Be3 f5 21. g3 b6 22. Rd1 Rfe8 23. Kf1 Re5 24. cxb6 axb6 25.
Ke1 c5 26. b3 f4 27. gxf4 Rh5 28. Kd2 Rxh3 29. a4 h5 30. Ne4 h4 31. Rg1 Rh2 32.
f5 Kf8 33. a5 bxa5 34. Bxc5+ Kf7 35. Rg6 h3 36. Ng5+ Kg8 37. f6 Rd7 38. f7+ Rxf7 39.
Nxf7 Kxf7 40. Rg3 Rh1 41. Rxd3 h2 42. Rh3 Rb1 43. Rxh2 Rxb3 44. Bd4 a4 45. Rh7 a3 46. Rxg7+ Ke6 47. Ra7 Kd5 48. Bc3 Kc4 49. Ra4+ Kd5 50. Kc2 Rb7 51. Rxa3 Ke4 52. Ra4+ Kf3 53. Bd4 Rb8 54. Kd3 Rb3+ 55. Kc4 Rb1 56. Ra3+ Kf4 57. Be3+ Ke4 58. Ra4 Rb8 59. Kc5+ Ke5 60. Bf4+ Ke6 61. Bxb8 1-0

[Event "*** Titled Tuesday Blitz"]
[Site "Chess.com"]
[Date "2021.03.02"]
[Round "11"]
[White "FlySooHigh"]
[Black "szachuspl"]
[Result "0-1"]
[WhiteElo "2672"]
[BlackElo "2502"]
[TimeControl "180+1"]
[EndTime "12:10:51 PST"]
[Termination "szachuspl won on time"]

1. e4 c5 2. Nf3 e6 3. c3 Nf6 4.
e5 Nd5 5. d4 cxd4 6. cxd4 d6 7. Bc4 Nb6 8. Bd3 N8d7 9. exd6 Bxd6 10. O-O h6 11. Nc3 Nf6 12. Re1 O-O 13. Bc2 Bd7 14. Qd3 Qc7 15. Ne5 Rfd8 16. Qg3 Kf8 17. Qh4 Nbd5 18. Bd2 Be8 19. Rac1 Qb6 20. Nxd5 Nxd5 21.
Bb3 Be7 22. Qg3 Bf6 23. Be3 Nxe3 24. fxe3 Rac8 25. Ng4 Bg5 26. h4 Be7 27. Rxc8 Rxc8 28. Rf1 Qc7 29. Qf2 Qd6 30. Ne5 f6 31. Ng4 Bc6 32. Ne5 Be8 33. Nd3 Bf7 34. Nf4 e5 35. Bxf7 Kxf7 36. Nh3 exd4 37. exd4 Rd8 38. Rd1 Qd5 39.
Nf4 Qe4 40. g3 Bd6 41. Ne2 Bc7 42. Qg2 Qxg2+ 43. Kxg2 Rd5 44. Kf3 Ra5 45. a3 f5 46.
Nc3 Ke6 47. d5+ Kf6 48. Re1 Kf7 49. Re6 Rc5 50. h5 Bd8 51. Rd6 Ke7 52. Re6+ Kd7 53. Re2 Bf6 54. Na4 Rxd5 55. Rc2 Rd3+ 56. Kf2 b6 57.
Nc3 Bxc3 58. bxc3 Kd6 59. c4 Kc5 60. Re2 Rxa3 61. Re7 Kxc4 62. Rxg7 b5 63. Rg6 b4 64. Rxh6 b3 65. Rc6+ Kb5 66. Rc8 Ra6 67. Rc1 Kb4 68. Kf3 b2 69. Rh1 Ra1 70. Rh2 b1=Q 0-1

[Event "*** Titled Tuesday Blitz"]
[Site "Chess.com"]
[Date "2021.03.02"]
[Round "11"]
[White "Shuvalov"]
[Black "The_Machine04"]
[Result "1-0"]
[WhiteElo "2539"]
[BlackElo "2406"]
[TimeControl "180+1"]
[EndTime "12:11:01 PST"]
[Termination "Shuvalov won on time"]

1. Nf3 d6 2. d4 Nf6 3. c4 g6 4. Nc3 Bf5 5. Nd2 Bd7 6. e4 e5 7. Nb3 Bg7 8. Be2 O-O 9. Be3 Nc6 10. O-O Re8 11. d5 Ne7 12. c5 h6 13. Rc1 a6 14.
Na5 Bc8 15. Nc4 Kh7 16. cxd6 cxd6 17. Bb6 Qd7 18. Ba5 Rb8 19. Nb6 Qd8 20. b4 Neg8 21. f3 Qe7 22. Nxc8 Rexc8 23. Na4 Qe8 24. Nb6 Rxc1 25.
Qxc1 Nd7 26. Qc7 Nxb6 27. Bxb6 Bf8 28. Rc1 Nf6 29. Bd1 Kg7 30. Ba4 Qxa4 31. Qxb8 Qxb4 32.
Qxb7 Qd2 33. Qc6 Nd7 34. Bf2 Nc5 35. Rf1 Nd3 36. Qxa6 Be7 37. Qb5 Bg5 38. Bb6 Be3+ 39. Bxe3 Qxe3+ 40. Kh1 Nf2+ 41. Rxf2 Qxf2 42. h3 Qxa2 43.
Qf1 Qa3 44. Kh2 Qc5 45. Qd1 h5 46. Qd2 Kf6 47. h4 Kg7 48. Kh3 f6 49. Kh2 Kf7 50.
Qa2 Qc7 51. Qd2 Kg7 52. Qe3 Qe7 53. Qc3 g5 54. hxg5 fxg5 55. Qc6 Kg6 56. Qc8 Qf6 57. Qg8+ Kh6 58. Qe8 h4 59. Kh1 Kg7 60. Qd7+ Kg6 61. Qg4 Qf4 62. Qe6+ Qf6 63. Qg4 Kh6 64. Kg1 Qf4 65.
Qe6+ Kh5 66. Qe8+ Kh6 67. Qe6+ Kg7 68. Qd7+ Qf7 69. Qg4 1-0

[Event "*** Titled Tuesday Blitz"]
[Site "Chess.com"]
[Date "2021.03.02"]
[Round "11"]
[White "UCantHandleDenker"]
[Black "Piotrek1979"]
[Result "1-0"]
[WhiteElo "2523"]
[BlackElo "2365"]
[TimeControl "180+1"]
[EndTime "12:11:01 PST"]
[Termination "UCantHandleDenker won by checkmate"]

1. Nf3 c5 2. g3 Nc6 3. Bg2 g6 4. O-O Bg7 5. d3 Nf6 6. e4 d6 7. Nbd2 O-O 8. Re1 e5 9. c3 h6 10.
a3 Be6 11. b4 a6 12. Nb3 b6 13. Rb1 Qc7 14. Bd2 Rfd8 15. c4 Rf8 16. Qc1 Kh7 17. h4 Ng4 18. h5 Rab8 19. Nh2 Nxh2 20. Kxh2 gxh5 21. Qd1 Bg4 22. Bf3 Qd7 23. Bxg4 Qxg4 24. Qxg4 hxg4 25. Kg2 Kg6 26. Rh1 h5 27. Be3 f5 28.
exf5+ Rxf5 29. b5 axb5 30. cxb5 Ne7 31. a4 Nd5 32. Bd2 Rbf8 33. Rbf1 Bh6 34. Bxh6 Kxh6 35. Nd2 Nc3 36. Nc4 Nxa4 37. Nxd6 Rf3 38. Nc4 Rxd3 39. Nxe5 Rd4 40. Re1 Rd2 41. Ref1 Kg5 42.
Nc4 Re2 43. Rh2 Rf6 44. Kg1 Nc3 45. Ne3 Ne4 46. Nd5 Rd6 47. Nf4 Nxg3 48. fxg3 Rxh2 49. Kxh2 Rd2+ 50. Kg1 Rb2 51. Rd1 Rxb5 52. Rd5+ Kf6 53.
Nxh5+ Ke6 54. Nf4+ Ke7 55. Rg5 Rb3 56. Rxg4 b5 57.
Kf2 c4 58. Rg7+ Kd6 59. Rg6+ Ke5 60. Rc6 Kd4 61. Ne2+ Kd5 62. Rc8 b4 63. g4 Rb2 64.
g5 c3 65. g6 c2 66. g7 b3 67. g8=Q+ Kd6 68. Rd8+ Kc7 69. Rc8+ Kb7 70. Qd8 Ka6 71. Qd6+ Kb5 72. Qc5+ Ka4 73. Ra8# 1-0

[Event "*** Titled Tuesday Blitz"]
[Site "Chess.com"]
[Date "2021.03.02"]
[Round "11"]
[White "KuzubovYuriy"]
[Black "NTBT_DHS"]
[Result "1-0"]
[WhiteElo "2919"]
[BlackElo "2773"]
[TimeControl "180+1"]
[EndTime "12:11:08 PST"]
[Termination "KuzubovYuriy won by resignation"]

1. d4 Nf6 2. Nf3 g6 3. Nbd2 Bg7 4. e4 O-O 5. Be2 d6 6. O-O Nc6 7. Re1 e5 8. dxe5 Nxe5 9. Nxe5 dxe5 10. c3 Be6 11.
Qc2 c6 12. a4 Qc7 13. b4 Rac8 14. Bf1 Rfd8 15. Nb3 b6 16. Bg5 h6 17. Bh4 g5 18.
Bg3 Nh5 19. Nd2 Nf4 20. Nc4 Qe7 21. Ne3 h5 22. f3 Rd7 23. Bc4 Rcd8 24. Bxe6 Qxe6 25.
Red1 h4 26. Rxd7 Rxd7 27. Bf2 c5 28. bxc5 bxc5 29. c4 h3 30. g3 Nd3 31. Nd5 Nxf2 32. Kxf2 g4 33. Rb1 gxf3 34. Qd3 Rd8 35. Qxf3 Qa6 36.
Qb3 Kh7 37. g4 Qh6 38. Qe3 Qh4+ 39. Qg3 Qh6 40. g5 Qh5 41. Rb3 Kg8 42. Qxh3 Qxg5 43. Rd3 Rd6 44. Qg3 Qd8 45. Rb3 Kf8 46. Ke2 Rg6 47.
Qf2 Kg8 48. Rb7 Qg5 49. Ne7+ Kh7 50. Nxg6 fxg6 51. Qg3 Qc1 52. Qh4+ Kg8 53. Rb8+ Bf8 54. Qd8 Qxc4+ 55. Qd3 Qa2+ 56. Qd2 Qc4+ 57. Kf3 Qf7+ 58. Kg2 Kg7 59. Rd8 Qf6 60. Rd7+ Be7 61. Qf2 Qg5+ 62. Kh1 Qc1+ 63. Qg1 Qxg1+ 64. Kxg1 Kf6 65. Rxa7 Ke6 66. Kf2 c4 67. Ra6+ Kf7 68. Ke3 Bc5+ 69. Kd2 Bg1 70. h3 Bd4 71. Rc6 c3+ 72. Rxc3 Kf6 73.
Rc6+ Kg5 74. Kd3 Kh5 75. a5 g5 76. a6 Kh4 77. Rh6+ Kg3 78. Rh7 Kf4 79. a7 Bxa7 80. Rxa7 Kg3 81. Rg7 1-0

[Event "*** Titled Tuesday Blitz"]
[Site "Chess.com"]
[Date "2021.03.02"]
[Round "11"]
[White "rpragchess"]
[Black "howitzer14"]
[Result "1-0"]
[WhiteElo "2888"]
[BlackElo "3001"]
[TimeControl "180+1"]
[EndTime "12:11:19 PST"]
[Termination "rpragchess won by resignation"]

1. e4 e5 2. Nf3 Nc6 3. Bb5 Nge7 4. c3 d5 5. d4 exd4 6. exd5 Qxd5 7. Qa4 a6 8. Bxc6+ Qxc6 9. Qxd4 Nf5 10. Qe5+ Be6 11. O-O O-O-O 12. Qe2 Bc4 13. Qe5 Bxf1 14. Qxf5+ Kb8 15.
Nbd2 Bd3 16. Qxf7 Bd6 17. Nb3 Rhf8 18. Qh5 Bg6 19. Qg4 Qe4 20. Qxe4 Bxe4 21. Ng5 Bd5 22. Nd4 h6 23. Ngf3 c5 24. Ne2 Bxf3 25. gxf3 Rxf3 26. Be3 b6 27. Kg2 Rf7 28. b4 Rc7 29. Rd1 Kc8 30. a3 Rdd7 31. Rb1 b5 32. Ra1 Kd8 33. a4 cxb4 34. cxb4 Bxb4 35. Bb6 Bc5 36. Bxc7+ Kxc7 37. Rc1 Kb6 38. a5+ Kc6 39. Nf4 Rd6 40. Kf3 b4 41. Ke4 Rd4+ 42. Ke5 Kb5 43. Ne6 Rd2 44. Rxc5+ Ka4 45. Nd4 Rxf2 46. h4 Rf1 47. h5 Re1+ 48. Kd6 b3 49. Rc4+ Ka3 50. Rc3 Rd1 51.
Kc5 Ka4 52. Rc4+ Ka3 53. Rc3 Ka4 54. Nxb3 Rd8 55. Kc4 Rc8+ 56. Kd3 Rb8 57. Nd4 Rd8 58.
Rc5 Kb4 59. Re5 Rd7 60. Ke4 Ka4 61. Nf5 Rb7 62. Ne3 Rb4+ 63. Kf5 Kb3 64. Ng4 Ra4 65. Nf2 Rh4 66. Kg6 Rf4 67. Ne4 Rg4+ 68. Kf5 Rg1 69. Nd6 Kb4 70. Ke6 Ra1 71. Ne8 Rxa5 72. Nxg7 Ra1 73.
Nf5 a5 74. Nxh6 a4 75. Nf5 a3 76. Ne3 Rh1 77. Nc2+ Kb3 78. Nxa3 Kxa3 79. Kf6 Kb4 80. Rg5 Kc4 81. Kg7 Kd4 82. h6 Ra1 83. h7 Ra7+ 1-0

[Event "*** Titled Tuesday Blitz"]
[Site "Chess.com"]
[Date "2021.03.02"]
[Round "11"]
[White "atwalcb"]
[Black "FGHSMN"]
[Result "0-1"]
[WhiteElo "2567"]
[BlackElo "2690"]
[TimeControl "180+1"]
[EndTime "12:11:30 PST"]
[Termination "FGHSMN won by resignation"]

1. d4 Nf6 2. Bg5 c5 3. d5 e6 4. Nc3 d6 5. e4 Be7 6. Bb5+ Bd7 7. dxe6 fxe6 8. e5 dxe5 9. Qe2 Nc6 10. Bxc6 Bxc6 11.
Nf3 Qc7 12. Nxe5 O-O-O 13. Nf7 Bxg2 14. Rg1 Qxh2 15. Qxe6+ Rd7 16. Ne2 Bd5 17. Qxd7+ Kxd7 18. Nxh8 Ne4 19. Be3 Bc4 20. O-O-O+ Ke6 21. Nf4+ Kf6 22.
Rh1 Qxh1 23. Rxh1 g5 24. Nh5+ Kf5 25. Ng3+ Nxg3 26. fxg3 Bg8 27. Rf1+ Ke6 28. Bd2 b6 29. Bc3 Bd6 30. Rf6+ Kd7 31. Nf7 Bxg3 32. Kd1 Ke7 33.
Nxg5 Bh4 34. Rf5 h6 35. Nf3 Bg3 36. Bg7 Be6 37. Rf6 Bg4 38. Ke2 h5 39. Rg6 Kf7 40. Rg5 Bf4 41. Rd5 Kxg7 42. Rd8 h4 43. Kf2 h3 44. Re8 h2 45. Nxh2 Bxh2 46. Kg2 Bf4 47.
Re4 Bf5 48. Rxf4 Bxc2 49. Rf2 Bb1 50. a3 c4 51. Rd2 Bd3 52. Kf3 Kf6 53. Ke3 Ke6 54. Kd4 Kd6 55. Rh2 Kc7 56. Rh6 Kb7 57. a4 Ka6 58. Re6 Bc2 59. Kxc4 Bxa4 60. Kb4 Bd7 61.
Re7 Bb5 62. Rc7 Bd3 63. b3 Be4 64. Re7 Bb7 65. Rc7 Bd5 66. Ka4 b5+ 67. Kb4 Kb6 68. Rg7 a5+ 69. Kc3 b4+ 70. Kb2 Kc5 71. Rg5 Kd4 72.
Rg4+ Kc5 73. Rg5 Kd6 74. Rg7 Kc5 75. Ra7 Kb5 76. Rg7 Bc6 77. Rg5+ Kb6 78. Re5 Kc7 79.
Rxa5 Kb6 80. Rc5 Kxc5 81. Kc2 Kd4 82. Kd2 Bd5 83. Kc2 Be6 84. Kb2 Kd3 85. Ka2 Kc3 86. Ka1 Bxb3 87. Kb1 Bc4 88. Ka1 b3 89. Kb1 Bd3+ 0-1

[Event "*** Titled Tuesday Blitz"]
[Site "Chess.com"]
[Date "2021.03.02"]
[Round "11"]
[White "Hikaru"]
[Black "fearless_guy"]
[Result "1/2-1/2"]
[WhiteElo "3222"]
[BlackElo "2856"]
[TimeControl "180+1"]
[EndTime "12:11:36 PST"]
[Termination "Game drawn by stalemate"]

1. e4 e6 2. d4 d5 3. Nd2 c5 4.
Ngf3 cxd4 5. Nxd4 Nf6 6. e5 Nfd7 7. f4 Nxe5 8. c3 Nec6 9. N2f3 Bc5 10. Be3 Bb6 11. Bd3 Nxd4 12. cxd4 Nc6 13. O-O Bd7 14. Qe2 g6 15. Rad1 Rc8 16. Qf2 Nb4 17. Bb1 Bb5 18.
Rfe1 Qc7 19. Ne5 O-O 20. f5 exf5 21. Bh6 Rfe8 22. Bxf5 Rxe5 23. Bxc8 Rxe1+ 24. Qxe1 Nxa2 25. Bg4 Qd6 26. Be2 Bd7 27. Bg4 f5 28. Bf3 Nb4 29.
Kh1 a5 30. Qh4 Nc6 31. Bf4 Qe6 32. Re1 Qf7 33. Be5 Bd8 34. Qf4 Be6 35. Qe3 Bd7 36. Qb3 Be6 37. Qb5 Qd7 38. Bf4 Bf7 39.
Qc5 Kg7 40. Qc1 Kg8 41. Qe3 Kg7 42. Bh6+ Kg8 43. g3 Bf6 44. Qf4 Bd8 45. h4 Qc7 46.
Kg2 Qxf4 47. Bxf4 Nxd4 48. Bd1 Nc6 49. Bb3 d4 50. Bxf7+ Kxf7 51. Kf3 Bf6 52. Ke2 Ke6 53. Bd2 Kd5 54. Ra1 b6 55. h5 gxh5 56. Rh1 Ke4 57. b3 d3+ 58. Kd1 Nd4 59. Rxh5 Nxb3 60. Rxh7 Nxd2 61.
Kxd2 b5 62. Ra7 a4 63. Ra5 b4 64. Rxa4 Bc3+ 65. Kd1 Kf3 66. Ra5 Kg4 67. Rd5 d2 68. Rd3 Kg5 69. Ke2 Kg4 70. Kd1 f4 71. gxf4 Kxf4 72. Rd8 Ke4 73. Kc2 Ke3 74. Re8+ Kf3 75.
Rd8 Ke2 76. Re8+ Kf2 77. Rd8 Ke2 78. Re8+ Kf2 79. Kd1 Kf3 80. Rb8 Ke3 81. Kc2 Ke2 82.
Rd8 b3+ 83. Kxc3 d1=Q 84. Rxd1 Kxd1 85. Kb2 Kd2 86. Kb1 Kc3 87. Kc1 Kc4 88. Kb2 Kb4 89.
Kb1 Ka4 90. Kb2 Kb4 91. Kb1 Ka3 92. Ka1 b2+ 93. Kb1 Kb3 1/2-1/2

[Event "*** Titled Tuesday Blitz"]
[Site "Chess.com"]
[Date "2021.03.02"]
[Round "11"]
[White "champ2005"]
[Black "iturrizaga"]
[Result "0-1"]
[WhiteElo "2980"]
[BlackElo "2869"]
[TimeControl "180+1"]
[EndTime "12:11:38 PST"]
[Termination "iturrizaga won by resignation"]

1. d4 Nf6 2. Bf4 e6 3. e3 d5 4.
Nf3 c5 5. c3 Nc6 6. Nbd2 Nh5 7. Bg5 f6 8. Bh4 g6 9. Bd3 Be7 10. O-O cxd4 11. exd4 O-O 12. Re1 Bd6 13. c4 Kg7 14. Bf1 Ne7 15. Qb3 b6 16. Bg3 Nxg3 17. hxg3 Bd7 18. Rac1 Rc8 19. cxd5 Nxd5 20. Bc4 Nc7 21.
Ne4 Be7 22. g4 h6 23. Ng3 Bd6 24. Ne4 Be7 25. Qd3 Nd5 26. Nc3 Bb4 27. Ba6 Bxc3 28.
bxc3 Rc7 29. c4 Nb4 30. Qa3 Nxa6 31. Qxa6 Qc8 32. Qa3 Rxc4 33. Rxc4 Qxc4 34. Rc1 Qd5 35. Qxa7 Rf7 36. Rc7 Be8 37. a3 Qd6 38. Rb7 Rxb7 39. Qxb7+ Bf7 40. Qa7 Qc6 41. Kh2 g5 42. Qb8 b5 43.
Nd2 Qc3 44. Nf1 Qxd4 45. Ng3 Qxg4 46. Qxb5 Qh4+ 47. Kg1 Qd4 48. a4 h5 49. a5 h4 50.
Nf1 g4 51. Qb6 Qe4 52. a6 e5 53. Qb7 Qf4 54. a7 g3 55. fxg3 hxg3 56. Nxg3 Qxg3 57. Qf3 Qe1+ 58. Kh2 Qh4+ 59. Qh3 Qa4 60. Qg3+ Bg6 61. Qe3 Be4 62. Qg3+ Kf7 63. Qe3 Qc2 64. Qg1 Qa2 65.
Kh3 Bxg2+ 66. Qxg2 Qxa7 67. Qd5+ Ke7 68. Qg8 Qd4 69.
Qh7+ Ke6 70. Qg8+ Ke7 71. Qg7+ Ke6 72. Qg8+ Kd6 73. Qd8+ Kc5 74. Qxf6 Qe4 75. Qe7+ Kd4 76. Qb4+ Ke3 77. Qe1+ Kd4 78. Qb4+ Ke3 79. Qe1+ Kf4 80.
Qh4+ Kf3 81. Qh5+ Ke3 82. Qh6+ Qf4 83. Qb6+ Qd4 84. Qh6+ Kd3 85. Qa6+ Kd2 86. Qa5+ Qc3+ 87. Qxc3+ Kxc3 88. Kg2 Kd3 89. Kf2 e4 90. Kf1 Kd2 0-1

[Event "*** Titled Tuesday Blitz"]
[Site "Chess.com"]
[Date "2021.03.02"]
[Round "11"]
[White "ChessQueen"]
[Black "Legendinunknown"]
[Result "0-1"]
[WhiteElo "2719"]
[BlackElo "2640"]
[TimeControl "180+1"]
[EndTime "12:11:42 PST"]
[Termination "Legendinunknown won by resignation"]

1. e4 e5 2. Nf3 Nc6 3. Bb5 a6 4. Ba4 d6 5. c3 g6 6. d4 Bd7 7. Bg5 f6 8. Be3 Nh6 9. h3 Nf7 10. c4 Bg7 11. d5 Ne7 12. Nc3 O-O 13. Bxd7 Qxd7 14. Qa4 Qd8 15. c5 f5 16. cxd6 cxd6 17. Qb4 b5 18. a4 a5 19. Qxb5 Rb8 20. Qe2 fxe4 21. Ng5 Nxg5 22. Bxg5 Bf6 23. Bxf6 Rxf6 24. O-O Rf4 25. Rad1 Nf5 26. g3 Nd4 27. Rxd4 exd4 28. gxf4 dxc3 29. bxc3 Qh4 30. Qg4 Qxg4+ 31. hxg4 Rc8 32.
Re1 Rc4 33. Kg2 Rxa4 34. Rb1 Rc4 35. Rb8+ Kf7 36. Rb7+ Kg8 37. Ra7 Rc5 38. c4 Rxc4 39. Rxa5 Rc5 40. Ra8+ Kf7 41. Ra7+ Kf6 42. Rxh7 Rxd5 43.
Kg3 Rd3+ 44. Kh4 Rf3 45. g5+ Ke6 46. Kg4 Rxf2 47. Rg7 e3 48. Rxg6+ Kf7 49. f5 d5 50.
Re6 d4 51. g6+ Kg7 52. Kg5 Rg2+ 53. Kf4 e2 54. Kf3 d3 55. Kxg2 d2 56. Rxe2 d1=Q 57. Re7+ Kf8 58. Rf7+ Kg8 59. Kg3 Qd4 60. Kf3 Qc4 61. Kg3 Qe4 62. Kh3 Qf4 63. Kg2 Qe3 64.
Kh2 Qf3 65. Kg1 Qe2 66. Kh1 Qf2 67. Rh7 Qxf5 68. Kh2 Qxg6 69. Rh3 Qc2+ 70. Kg3 Kf7 71. Rh4 Ke6 72. Rf4 Ke5 73. Rf3 Qg6+ 74. Kf2 Qh5 75. Ra3 Qh2+ 76. Kf1 Qc2 77. Rh3 Kf4 78. Kg1 Qd1+ 79.
Kg2 Qe2+ 80. Kg1 Qe6 81. Kg2 Qg6+ 82. Kh2 Qc2+ 83. Kg1 Qd2 84. Kh1 Qe2 85. Kg1 Qc2 86. Kh1 Qf2 87. Ra3 Qe1+ 88. Kh2 Qh4+ 89. Kg2 Qg5+ 90.
Kf1 Qb5+ 91. Kg2 Qb2+ 0-1